 Dungeon Crawl Stone Soup version 0.26.1-11-gd32895ea62 (webtiles) character file.

Game seed: 13945239532981013962

1038 Descartes the Covert (level 8, -1/35 HPs)
             Began as a Felid Transmuter on July 16, 2021.
             Slain by a killer bee (10 damage)
             ... on level 7 of the Dungeon.
             The game lasted 00:18:14 (11583 turns).

Descartes the Covert (Felid Transmuter)            Turns: 11583, Time: 00:18:15

Health: -1/35      AC:  2    Str: 20    XL:     8   Next: 4%
Magic:  12/12      EV: 23    Int: 14    God:
Gold:   187        SH:  0    Dex: 17    Spells: 5/11 levels left
                                        Lives:  0   Deaths: 2

rFire    . . .     SeeInvis +     - Unarmed
rCold    + . .     Faith    .   (shield unavailable)
rNeg     . . .     Spirit   .   (armour unavailable)
rPois    .         Reflect  .   (helmet unavailable)
rElec    .         Harm     .   (cloak unavailable)
rCorr    .         Rampage  .   (gloves unavailable)
Will     +....     Clarity  +   (boots unavailable)
Stlth    ++++......             (no amulet)
HPRegen  0.11/turn              k - +6 ring of strength
MPRegen  0.13/turn              o - +6 ring of strength

@: lethally poisoned (-1 -> -4), appendages, quick
A: very small, no armour, no weapons or thrown items, stealth, claws 1, fangs 3,
horns 2, see invisible, clarity, cold resistance 1, speed 1, robust 1, shaggy
fur 2, wild magic 1, sharp paws
a: End Transformation


You were on level 7 of the Dungeon.
You had grown temporary horns.
You visited 2 branches of the dungeon, and saw 9 of its levels.

You collected 469 gold pieces.
You spent 282 gold pieces at shops.

Inventory:

Missiles
 c - 188 stones
Jewellery
 j - an uncursed ring of magical power
 k - a +6 ring of strength (left paw)
 o - a +6 ring of strength (right paw)
 v - an uncursed ring of positive energy {unknown}
 B - an uncursed amulet of guardian spirit {unknown}
 C - a +4 ring of evasion {unknown}
Scrolls
 f - 2 scrolls of fog
 g - 7 scrolls of teleportation {unknown}
 h - 2 scrolls of enchant weapon {unknown}
 m - 2 scrolls of enchant armour {unknown}
 n - 8 scrolls of remove curse
 p - a scroll of brand weapon {unknown}
 s - a scroll of magic mapping
 w - a scroll of amnesia {unknown}
 y - a scroll of identify
 A - a scroll of immolation {unknown}
Potions
 a - 4 potions of curing
 b - 4 potions of brilliance {unknown}
 d - 2 potions of flight
 e - 2 potions of ambrosia
 i - a potion of lignification {unknown}
 l - 3 potions of heal wounds {unknown}
 q - a potion of invisibility
 r - a potion of attraction
 t - a potion of mutation
 u - a potion of cancellation {unknown}
 x - 2 potions of degeneration {unknown}
 z - 2 potions of berserk rage {unknown}


   Skills:
 - Level 1.0 Fighting
 + Level 7.9 Dodging
 - Level 8.0 Stealth
 + Level 4.9 Unarmed Combat
 - Level 2.0 Spellcasting
 + Level 7.4 Transmutations


You had 5 spell levels left.
You knew the following spells:

 Your Spells              Type           Power        Failure   Level
a - Beastly Appendage     Tmut           56%          2%          1
b - Blade Hands           Tmut           14%          38%         5

Your spell library contained the following spells:

 Spells                   Type           Power        Failure   Level
 Wereblood                Tmut           28%          3%          2
 Spider Form              Tmut/Pois      7%           22%         3
 Foxfire                  Conj/Fire      4%           32%         1
 Ice Form                 Ice/Tmut       15%          54%         4
 Conjure Flame            Conj/Fire      1%           65%         3
 Inner Flame              Hex/Fire       1%           65%         3
 Sticky Flame             Conj/Fire      1%           96%         4
 Fireball                 Conj/Fire      0%           100%        5


Dungeon Overview and Level Annotations

Branches:
Dungeon (8/15)             Temple (1/1) D:5
   Lair: D:8-11

Altars:
Ashenzari
Cheibriados
Dithmenos
Fedhas
Gozag
Hepliaklqana
Kikubaaqudgha
Makhleb
Nemelex Xobeh
Okawaru
Qazlal
Ru
Sif Muna
Trog
Uskayaw
Vehumet
Wu Jian
Xom
Yredelemnul
Zin
The Shining One

Shops:
D:4 *   D:7 (


Innate Abilities, Weirdness & Mutations

You cannot wear armour.
You are incapable of wielding weapons or throwing items.
Your paws allow you to move quietly. (Stealth)
You have sharp claws.
You have razor-sharp teeth.
You have supernaturally acute eyesight. (SInv)
You cover ground quickly.
You are covered in thick fur. (AC +2)
Your sharp claws are effective at attacking unaware monsters.
You have a pair of horns on your head.
You possess an exceptional clarity of mind.
Your flesh is cold resistant. (rC+)
You are robust. (+10% HP)
Your spells are a little harder to cast, but a little more powerful.


Message History

You feel sick.
The shadow imp shouts!
The killer bee completely misses you. x2
You feel sick.
You feel sick.
You feel sick. The killer bee completely misses you.
You feel sick. The killer bee closely misses you. The killer bee misses you.
You feel sick. The killer bee closely misses you.
There is an escape hatch in the ceiling here.
The killer bee stings you but does no damage.
The killer bee closely misses you. The killer bee completely misses you.
The killer bee closely misses you. A mysterious force pulls you upwards.
The hatch slams shut behind you.
You feel sick.
There is an open door here.
You miss the killer bee. Your headbutt misses the killer bee.
The killer bee closely misses you. The killer bee stings you!
You die...

#.......#
#.##....#
#'#####.#
##≈≈≈≈#.#
#≈...#.# #≈...#.#
#≈..y#.# #≈..y#.#
#############@.#
##...##....##...#
#...............#
#...............#
#...............#
#....############
#....##....##...#
#...............#
##............>.#


You could see 2 killer bees.

Vanquished Creatures
  Menkaure (D:7)
  2 orc warriors (D:7)
  2 ice beasts (D:5)
  A sky beast (D:7)
  An ogre (D:7)
  A centaur (D:3)
  A bullfrog (D:7)
  A water moccasin skeleton (D:4)
  2 scorpions
  3 howler monkeys
  A crimson imp (D:5)
  A jelly (D:6)
  An orc priest (D:3)
  A hound (D:7)
  4 orc wizards
  A bullfrog skeleton (D:7)
  2 iguanas
  A worker ant (D:5)
  A hound zombie (D:5)
  A gnoll (D:5)
  8 adders
  A shadow imp (D:7)
  An ufetubus (D:5)
  An ooze (D:4)
  3 adder skeletons
  An adder zombie (D:7)
  3 worms
  3 dart slugs (D:1)
  5 leopard geckos
  21 orcs
  5 bats
  4 giant cockroaches
  7 goblins
  9 hobgoblins
  10 jackals
  4 quokkas
  2 ball pythons (D:1)
  A frilled lizard (D:4)
  6 kobolds
  2 quokka skeletons
  5 rats
  A toadstool (D:2)
132 creatures vanquished.

Vanquished Creatures (others)
  A leopard gecko (D:6)
  2 fungi (D:2)
  2 toadstools (D:2)
5 creatures vanquished.

Grand Total: 137 creatures vanquished

Notes
Turn   | Place    | Note
-------+----------+-------------------------------------------
     0 | D:1      | Descartes the Felid Transmuter began the quest for the Orb.
     0 | D:1      | Reached XP level 1. HP: 9/9 MP: 4/4
   480 | D:1      | Reached skill level 1 in Stealth
   663 | D:1      | Reached XP level 2. HP: 9/12 MP: 4/6
  1075 | D:1      | Reached skill level 2 in Stealth
  2094 | D:2      | Reached XP level 3. HP: 10/15 MP: 7/7
  2574 | D:2      | Reached skill level 3 in Stealth
  3030 | D:2      | Found a sparkling altar of Nemelex Xobeh.
  3212 | D:2      | Reached XP level 4. HP: 19/19 MP: 8/8
  3360 | D:3      | Noticed a centaur
  3375 | D:3      | Killed a centaur
  3376 | D:3      | Reached skill level 5 in Dodging
  3376 | D:3      | Reached skill level 4 in Stealth
  3376 | D:3      | Reached XP level 5. HP: 4/22 MP: 9/9
  3868 | D:3      | Reached skill level 5 in Stealth
  3928 | D:3      | Found a shimmering blue altar of Sif Muna.
  4154 | D:3      | Reached skill level 6 in Stealth
  4160 | D:3      | Learned a level 5 spell: Blade Hands
  4438 | D:3      | Gained mutation: You are covered in thick fur. (AC +2)
                  | [Felid growth]
  4438 | D:3      | Reached XP level 6. HP: 25/25 MP: 10/10
  4559 | D:4      | Found a blossoming altar of Fedhas.
  4661 | D:4      | Found Vasm's Assorted Antiques.
  4670 | D:4      | Bought a scroll labelled ECWAXO EFIFIN for 24 gold pieces
  4670 | D:4      | Bought a puce potion for 21 gold pieces
  4670 | D:4      | Bought a fizzy black potion for 21 gold pieces
  4670 | D:4      | Bought a scroll of remove curse for 72 gold pieces
  4670 | D:4      | Bought a potion of curing for 72 gold pieces
  5595 | D:5      | Entered Level 5 of the Dungeon
  6215 | D:5      | Noticed an ice beast
  6226 | D:5      | Killed an ice beast
  6227 | D:5      | Reached skill level 5 in Transmutations
  6227 | D:5      | Reached XP level 7. HP: 14/28 MP: 11/11
  6967 | D:5      | Found a staircase to the Ecumenical Temple.
  7300 | D:5      | Found a burning altar of Makhleb.
  7302 | D:5      | Found a shimmering altar of Xom.
  8546 | D:4      | Bought a potion of flight for 72 gold pieces
  8550 | D:4      | Gained mutation: You are robust. (+10% HP) [potion of
                  | mutation]
  8550 | D:4      | Gained mutation: You possess an exceptional clarity of
                  | mind. [potion of mutation]
  8550 | D:4      | Gained mutation: Your flesh is cold resistant. (rC+)
                  | [potion of mutation]
  8550 | D:4      | Gained mutation: Your spells are a little harder to cast,
                  | but a little more powerful. [potion of mutation]
  8616 | D:5      | Found an iron altar of Okawaru.
  8652 | Temple   | Entered the Ecumenical Temple
  8823 | D:6      | Demolished by an orc warrior
  8824 | D:6      | Reached XP level 6. HP: -14/27 MP: 10/10
  8971 | D:6      | Found an ornate altar of the Wu Jian Council.
  9042 | D:6      | Noticed a steam dragon
  9552 | D:7      | Noticed an orc warrior
 10056 | D:6      | Engulfed by a steam dragon's steam
 10057 | D:6      | Reached XP level 5. HP: -6/24 MP: 9/9
 10086 | D:7      | Found an opulent altar of Gozag.
 10098 | D:7      | Reached XP level 6. HP: 17/27 MP: 10/10
 10226 | D:7      | Noticed Menkaure
 10233 | D:7      | Killed Menkaure
 10270 | D:7      | Noticed a sky beast
 10277 | D:7      | Killed a sky beast
 10278 | D:7      | Reached skill level 7 in Stealth
 10278 | D:7      | Reached XP level 7. HP: 30/30 MP: 11/11
 10505 | D:7      | Found Xicsexef's Weapon Boutique.
 10929 | D:7      | Reached skill level 8 in Stealth
 11182 | D:8      | Reached XP level 8. HP: 35/35 MP: 10/12
 11583 | D:7      | Slain by a killer bee

Illustrated notes

Levels and vault maps discovered:
D:1:      psy_arrival_radial02, layout_basic
D:2:      layout_basic, lemuel_crystal_altar, serial_park_tiny_1,
          minmay_gold_behind_fungi, grunt_ministairs_3, serial_park_tiny_pond,
          st_stairs_3, minmay_box_of_dots
D:3:      layout_basic, overflow_temple_1_default
D:4:      minmay_angry_zag, layout_basic, lemuel_crystal_altar, serial_shops,
          shop, minmay_circle_x
D:5:      layout_layer_cave, grunt_temple_overflow_champion_of_chaos,
          minmay_temple_entry_stoned_glass, grunt_decor_arrowhead,
          okawaru_altar_gauntlet_db
D:6:      layout_basic, lemuel_coloured_pillars_altar
D:7:      layout_gridville, overflow_temple_1_default, serial_shops,
          shop_statue, chequers_serial_rivers_room_a, uniq_menkaure
D:8:      minmay_skewed_foursquare, layout_layer_cave
Temple:   zaba_magenta_temple

Skill      XL: |  1  2  3  4  5  6  7 |
---------------+----------------------+-----
Stealth        | 1 2 3 4 6 7 8 |  8.0
Dodging        | 3 4 5 6 7 |  7.9
Transmutations | 5 7 |  7.4
Unarmed Combat | 4 |  4.9
Fighting       | |  1.0
Spellcasting   | |  2.0

Action                   |  1- 3 |  4- 6 |  7- 9 || total
-------------------------+-------+-------+-------++-------
Melee: Unarmed           |   135 |   153 |   130 ||   418
       Headbutt          |    17 |    38 |    23 ||    78
       Bite              |    10 |    24 |    17 ||    51
       Punch             |     1 |     3 |     3 ||     7
 Cast: Beastly Appendage |    24 |    41 |    25 ||    90
       Blade Hands       |       |       |     4 ||     4
  Use: Scroll            |     4 |     1 |     4 ||     9
       Potion            |       |     1 |     1 ||     2
 Stab: Sleeping          |     9 |    14 |     4 ||    27
       Distracted        |       |       |     1 ||     1
Armor: Skin              |     9 |     9 |     6 ||    24
Dodge: Dodged            |   107 |   125 |   129 ||   361
